General information
- name: BNet
- type: Ladder team game (AT/RT)
- host: Battle.net
- saver: RedOfficer
map: DragonFalls
- players: 8
- length: 46:59
- speed: Fast
- version: 1.26 W3XP
- replay type: Public
» download(333 KB)
Players
team 1 (winner)
WlCKERMAN (
purple | 48 APM | 1817 actions | 38:03)
6 Mountain King
3 Storm Bolt
2 Bash
1 Avatar
5 Paladin
2 Holy Light
1 Divine Shield
2 Devotion Aura
» actions
| Assign group hotkey | 21 | |
| Basic commands | 2 | |
| Build / train | 160 | |
| Enter build submenu | 27 | |
| Enter hero's abilities submenu | 10 | |
| Give item / drop item | 3 | |
| Remove unit from queue | 17 | |
| Right click | 953 | |
| Select / deselect | 413 | |
| Select group hotkey | 107 | |
| Use ability | 104 | |
1817 total
» units
| Peasant | 39 | |
| Footman | 6 | |
| Rifleman | 17 | |
| Sorceress | 3 | |
| Goblin Shredder | 1 | |
| Flying Machine | 8 | |
74 total
» upgrades
| Masonry | 3 | |
| Defend | 1 | |
| Lumber Harvesting | 2 | |
| Gunpowder | 3 | |
| Long Rifles | 1 | |
| Sorceress Training | 1 | |
| Armor | 0 | |
| Magic Sentry | 1 | |
12 total
» buildings
| Lumber Mill | 1 | |
| Farm | 8 | |
| Altar of Kings | 1 | |
| Scout Tower | 5 | |
| Guard Tower | 14 | |
| Arcane Tower | 3 | |
| Barracks | 2 | |
| Keep | 1 | |
| Arcane Vault | 1 | |
| Blacksmith | 1 | |
| Castle | 1 | |
| Arcane Sanctum | 1 | |
| Town Hall | 1 | |
| Workshop | 2 | |
42 total
» build order
00:54 Lumber Mill
01:26 Farm
02:06 Altar of Kings
02:17 Scout Tower
02:19 Scout Tower
02:21 Scout Tower
02:43 Guard Tower
02:45 Guard Tower
02:48 Arcane Tower
03:09 Scout Tower
03:46 Farm
04:19 Barracks
04:27 Scout Tower
04:52 Farm
04:56 Barracks
04:59 Arcane Tower
05:03 Farm
05:32 Keep
05:36 Farm
05:47 Arcane Vault
06:09 Farm
06:58 Blacksmith
08:41 Farm
11:51 Farm
11:54 Castle
13:05 Arcane Sanctum
13:34 Guard Tower
14:08 Guard Tower
14:10 Guard Tower
14:11 Guard Tower
14:12 Guard Tower
14:13 Guard Tower
14:19 Town Hall
16:45 Arcane Tower
16:47 Guard Tower
17:09 Guard Tower
20:27 Arcane Tower
20:28 Guard Tower
21:25 Guard Tower
21:28 Guard Tower
28:04 Guard Tower
28:09 Guard Tower
28:10 Guard Tower
31:34 Workshop
32:31 Workshop
» items
| Ivory Tower | 16 | |
| Lesser Clarity Potion | 2 | |
| Scroll of Regeneration | 4 | |
| Scroll of Town Portal | 4 | |
26 total
AgentOrange (
pink | 58 APM | 2712 actions | 46:59)
10 Archmage
3 Summon Water Elemental
3 Brilliance Aura
1 Mass Teleport
3 Blizzard
» actions
| Assign group hotkey | 271 | |
| Basic commands | 79 | |
| Build / train | 100 | |
| Enter build submenu | 74 | |
| Enter hero's abilities submenu | 10 | |
| Give item / drop item | 2 | |
| Remove unit from queue | 1 | |
| Right click | 1152 | |
| Select / deselect | 597 | |
| Select group hotkey | 257 | |
| Use ability | 169 | |
2712 total
» units
| Peasant | 25 | |
| Footman | 5 | |
| Goblin Shredder | 1 | |
| Goblin Zeppelin | 1 | |
| Green Dragon | 11 | |
| Gryphon Rider | 5 | |
48 total
» upgrades
| Lumber Harvesting | 1 | |
| Masonry | 3 | |
| Storm Hammers | 1 | |
| Swords | 3 | |
| Armor | 3 | |
| Animal War Training | 1 | |
| Magic Sentry | 1 | |
13 total
» buildings
| Altar of Kings | 1 | |
| Barracks | 1 | |
| Farm | 11 | |
| Keep | 1 | |
| Arcane Vault | 3 | |
| Town Hall | 4 | |
| Lumber Mill | 1 | |
| Scout Tower | 36 | |
| Guard Tower | 12 | |
| Arcane Tower | 4 | |
| Gryphon Aviary | 4 | |
| Castle | 1 | |
| Blacksmith | 3 | |
| Arcane Sanctum | 1 | |
83 total
» build order
00:37 Altar of Kings
00:38 Barracks
00:57 Farm
01:02 Farm
01:07 Farm
01:09 Farm
01:49 Farm
03:05 Keep
03:28 Arcane Vault
04:49 Town Hall
05:25 Lumber Mill
06:31 Scout Tower
06:31 Scout Tower
06:32 Scout Tower
06:53 Town Hall
07:17 Guard Tower
08:05 Scout Tower
08:19 Scout Tower
08:20 Scout Tower
08:20 Scout Tower
08:20 Scout Tower
08:46 Arcane Tower
09:30 Scout Tower
09:51 Arcane Tower
09:51 Arcane Tower
10:28 Guard Tower
11:04 Scout Tower
11:09 Scout Tower
11:10 Scout Tower
11:39 Scout Tower
11:40 Scout Tower
11:45 Scout Tower
11:45 Scout Tower
11:54 Gryphon Aviary
11:56 Gryphon Aviary
12:10 Farm
12:15 Guard Tower
12:41 Gryphon Aviary
12:44 Gryphon Aviary
13:04 Guard Tower
13:25 Guard Tower
13:31 Castle
13:33 Blacksmith
13:36 Blacksmith
13:40 Blacksmith
13:47 Scout Tower
13:48 Scout Tower
13:49 Scout Tower
13:51 Scout Tower
13:52 Scout Tower
15:09 Farm
15:09 Farm
15:34 Scout Tower
15:34 Scout Tower
15:36 Scout Tower
15:42 Guard Tower
16:05 Guard Tower
16:07 Scout Tower
16:07 Scout Tower
16:08 Scout Tower
16:10 Guard Tower
18:05 Farm
18:06 Farm
18:06 Farm
20:15 Town Hall
20:37 Town Hall
21:54 Scout Tower
21:55 Scout Tower
22:02 Arcane Vault
22:40 Guard Tower
22:44 Scout Tower
22:45 Scout Tower
22:48 Scout Tower
22:48 Scout Tower
22:51 Scout Tower
22:56 Arcane Vault
23:00 Guard Tower
23:15 Guard Tower
23:20 Guard Tower
23:29 Arcane Sanctum
23:36 Arcane Tower
» items
| Scroll of Regeneration | 2 | |
| Scroll of Town Portal | 3 | |
| Potion of Mana | 1 | |
| Potion of Healing | 1 | |
| Staff of Teleportation | 1 | |
| Periapt of Vitality | 1 | |
9 total
Teelolololololo (
red | 56 APM | 2611 actions | 46:59)
6 Blood Mage
2 Siphon Mana
3 Flame Strike
1 Summon Phoenix
» actions
| Assign group hotkey | 216 | |
| Basic commands | 157 | |
| Build / train | 137 | |
| ESC pressed | 14 | |
| Enter build submenu | 42 | |
| Enter hero's abilities submenu | 6 | |
| Give item / drop item | 2 | |
| Remove unit from queue | 1 | |
| Right click | 761 | |
| Select / deselect | 304 | |
| Select group hotkey | 782 | |
| Use ability | 189 | |
2611 total
» units
| Peasant | 23 | |
| Footman | 6 | |
| Dragonhawk Rider | 26 | |
| Gryphon Rider | 25 | |
| Flying Machine | 1 | |
81 total
» upgrades
| Masonry | 3 | |
| Defend | 0 | |
| Swords | 3 | |
| Armor | 4 | |
| Lumber Harvesting | 2 | |
| Magic Sentry | 1 | |
| Cloud | 1 | |
| Animal War Training | 1 | |
| Storm Hammers | 2 | |
17 total
» buildings
| Altar of Kings | 1 | |
| Farm | 10 | |
| Barracks | 1 | |
| Scout Tower | 14 | |
| Lumber Mill | 1 | |
| Arcane Vault | 2 | |
| Arcane Tower | 8 | |
| Keep | 2 | |
| Blacksmith | 1 | |
| Castle | 1 | |
| Guard Tower | 5 | |
| Arcane Sanctum | 1 | |
| Gryphon Aviary | 2 | |
| Town Hall | 1 | |
| Workshop | 1 | |
51 total
» build order
00:26 Altar of Kings
00:37 Farm
01:01 Barracks
01:06 Scout Tower
01:36 Lumber Mill
01:42 Farm
02:03 Arcane Vault
02:22 Arcane Tower
02:22 Arcane Tower
02:22 Arcane Tower
03:13 Scout Tower
03:45 Arcane Tower
04:00 Keep
04:28 Farm
04:31 Farm
04:42 Blacksmith
06:15 Scout Tower
06:18 Scout Tower
06:18 Scout Tower
06:50 Castle
07:01 Guard Tower
07:13 Arcane Sanctum
08:39 Arcane Tower
09:47 Gryphon Aviary
09:50 Scout Tower
09:51 Scout Tower
09:54 Scout Tower
10:21 Guard Tower
10:23 Arcane Tower
11:07 Town Hall
11:23 Scout Tower
11:23 Scout Tower
11:57 Guard Tower
12:00 Arcane Tower
12:14 Farm
12:17 Farm
12:20 Farm
12:29 Arcane Vault
13:23 Gryphon Aviary
14:24 Scout Tower
14:24 Scout Tower
14:25 Scout Tower
14:29 Keep
15:00 Farm
16:14 Guard Tower
19:40 Scout Tower
20:24 Guard Tower
23:27 Farm
29:57 Arcane Tower
30:01 Workshop
31:00 Farm
» items
| Scroll of Regeneration | 2 | |
| Potion of Healing | 3 | |
| Ivory Tower | 2 | |
| Dust of Appearance | 1 | |
| Boots of Speed | 1 | |
| Scroll of Town Portal | 1 | |
| Orb of Fire | 1 | |
| Staff of Teleportation | 1 | |
12 total
IlIIlllIlIlllIl (
orange | 42 APM | 1215 actions | 29:02)
6 Archmage
1 Summon Water Elemental
3 Brilliance Aura
1 Blizzard
1 Mass Teleport
» actions
| Assign group hotkey | 38 | |
| Basic commands | 162 | |
| Build / train | 136 | |
| ESC pressed | 5 | |
| Enter build submenu | 26 | |
| Enter hero's abilities submenu | 6 | |
| Give item / drop item | 3 | |
| Right click | 203 | |
| Select / deselect | 354 | |
| Select group hotkey | 173 | |
| Use ability | 108 | |
1215 total
» units
| Peasant | 31 | |
| Rifleman | 7 | |
| Goblin Shredder | 2 | |
| Mortar Team | 9 | |
| Flying Machine | 8 | |
| Priest | 8 | |
| Spell Breaker | 4 | |
| Sorceress | 4 | |
| Knight | 6 | |
| Siege Engine | 1 | |
80 total
» upgrades
| Gunpowder | 2 | |
| Masonry | 1 | |
| Armor | 2 | |
| Swords | 3 | |
| Plating | 2 | |
| Magic Sentry | 3 | |
| Priest Training | 3 | |
| Sorceress Training | 1 | |
| Fragmentation Shards | 1 | |
| Lumber Harvesting | 1 | |
| Control Magic | 1 | |
| Barrage | 1 | |
| Flying Machine Bombs | 1 | |
| Flak Cannons | 1 | |
| Flare | 1 | |
| Animal War Training | 1 | |
| Long Rifles | 1 | |
26 total
» buildings
| Farm | 12 | |
| Altar of Kings | 1 | |
| Barracks | 2 | |
| Blacksmith | 1 | |
| Arcane Vault | 1 | |
| Scout Tower | 7 | |
| Arcane Tower | 2 | |
| Lumber Mill | 1 | |
| Town Hall | 1 | |
| Guard Tower | 5 | |
| Keep | 1 | |
| Castle | 1 | |
| Arcane Sanctum | 2 | |
| Workshop | 2 | |
39 total
» build order
00:52 Farm
00:54 Farm
00:59 Farm
01:06 Altar of Kings
01:23 Barracks
01:37 Blacksmith
01:45 Farm
01:46 Farm
01:46 Farm
02:04 Arcane Vault
02:27 Scout Tower
03:00 Arcane Tower
04:16 Lumber Mill
04:53 Town Hall
06:05 Scout Tower
06:28 Barracks
06:42 Scout Tower
06:45 Guard Tower
07:30 Keep
07:45 Scout Tower
07:47 Guard Tower
07:56 Scout Tower
08:16 Guard Tower
08:19 Scout Tower
08:29 Guard Tower
08:33 Scout Tower
08:38 Farm
08:39 Farm
08:49 Arcane Tower
09:19 Guard Tower
10:25 Castle
10:37 Arcane Sanctum
10:41 Workshop
10:56 Workshop
12:24 Arcane Sanctum
21:01 Farm
21:06 Farm
21:07 Farm
» items
| Scroll of Regeneration | 7 | |
| Scroll of Town Portal | 3 | |
| Potion of Healing | 2 | |
| Periapt of Vitality | 1 | |
| Potion of Lesser Invulnerability | 1 | |
14 total
team 2 (loser)

»
xoalxiyetl (
teal | 34 APM | 1360 actions | 40:12)
4 Demon Hunter
2 Immolation
2 Evasion
5 Pandaren Brewmaster
3 Drunken Haze
2 Drunken Brawler
» actions
| Basic commands | 10 | |
| Build / train | 98 | |
| Enter build submenu | 20 | |
| Enter hero's abilities submenu | 8 | |
| Give item / drop item | 1 | |
| Right click | 864 | |
| Select / deselect | 258 | |
| Use ability | 101 | |
1360 total
» units
| Wisp | 18 | |
| Thunder Lizard | 1 | |
| Furbolg Shaman | 3 | |
| Satyr Shadowdancer | 3 | |
| Dryad | 15 | |
| Mountain Giant | 6 | |
46 total
» upgrades
| Strength of the Wild | 3 | |
| Reinforced Hides | 3 | |
| Ultravision | 1 | |
| Abolish Magic | 1 | |
| Well Spring | 1 | |
9 total
» buildings
| Altar of Elders | 3 | |
| Moon Well | 10 | |
| Ancient of Wonders | 2 | |
| Tree of Ages | 4 | |
| Hunter's Hall | 1 | |
| Ancient of Lore | 2 | |
| Tree of Eternity | 1 | |
23 total
» build order
00:24 Altar of Elders
00:31 Moon Well
02:24 Moon Well
02:32 Moon Well
02:51 Moon Well
03:01 Ancient of Wonders
03:38 Tree of Ages
03:39 Tree of Ages
03:39 Tree of Ages
04:29 Hunter's Hall
06:18 Ancient of Lore
06:21 Ancient of Lore
06:55 Tree of Eternity
10:54 Ancient of Wonders
18:32 Moon Well
18:36 Moon Well
18:39 Moon Well
23:07 Altar of Elders
23:32 Moon Well
24:47 Moon Well
35:58 Altar of Elders
36:23 Moon Well
» items
| Orb of Venom | 1 | |
| Potion of Healing | 1 | |
| Scroll of Town Portal | 1 | |
| Lesser Clarity Potion | 1 | |
| Potion of Lesser Invulnerability | 1 | |
| Staff of Teleportation | 1 | |
6 total
RedOfficer (
yellow | 97 APM | 4565 actions | 46:59)
10 Blood Mage
3 Flame Strike
3 Siphon Mana
1 Summon Phoenix
3 Banish
» actions
| Assign group hotkey | 45 | |
| Basic commands | 116 | |
| Build / train | 174 | |
| ESC pressed | 7 | |
| Enter build submenu | 55 | |
| Enter hero's abilities submenu | 10 | |
| Give item / drop item | 8 | |
| Right click | 2000 | |
| Select / deselect | 695 | |
| Select group hotkey | 1187 | |
| Use ability | 268 | |
4565 total
» units
| Peasant | 29 | |
| Footman | 10 | |
| Goblin Shredder | 1 | |
| Goblin Zeppelin | 2 | |
| Sorceress | 1 | |
| Gryphon Rider | 7 | |
| Dragonhawk Rider | 5 | |
| Goblin Sapper | 5 | |
60 total
» upgrades
| Masonry | 3 | |
| Swords | 3 | |
| Armor | 3 | |
| Lumber Harvesting | 2 | |
| Storm Hammers | 1 | |
| Cloud | 1 | |
| Animal War Training | 1 | |
| Sorceress Training | 2 | |
| Magic Sentry | 1 | |
| Plating | 3 | |
| Gunpowder | 3 | |
| Priest Training | 2 | |
| Control Magic | 1 | |
| Backpack | 1 | |
| Long Rifles | 1 | |
| Defend | 1 | |
29 total
» buildings
| Altar of Kings | 1 | |
| Barracks | 1 | |
| Farm | 20 | |
| Town Hall | 2 | |
| Arcane Vault | 2 | |
| Scout Tower | 15 | |
| Keep | 1 | |
| Blacksmith | 1 | |
| Lumber Mill | 2 | |
| Arcane Tower | 3 | |
| Guard Tower | 14 | |
| Castle | 1 | |
| Gryphon Aviary | 6 | |
| Arcane Sanctum | 2 | |
71 total
» build order
00:05 Altar of Kings
00:11 Barracks
00:17 Farm
01:01 Farm
01:58 Farm
03:17 Town Hall
04:33 Arcane Vault
04:58 Scout Tower
05:02 Scout Tower
05:05 Scout Tower
05:14 Farm
06:20 Keep
06:25 Blacksmith
07:10 Lumber Mill
07:12 Arcane Tower
07:15 Scout Tower
07:36 Guard Tower
07:39 Scout Tower
07:42 Arcane Tower
09:08 Guard Tower
09:09 Scout Tower
09:10 Scout Tower
09:49 Lumber Mill
11:11 Castle
11:15 Gryphon Aviary
11:17 Gryphon Aviary
11:19 Gryphon Aviary
11:21 Gryphon Aviary
11:23 Gryphon Aviary
11:29 Gryphon Aviary
11:47 Guard Tower
11:47 Guard Tower
11:53 Farm
12:40 Arcane Sanctum
15:35 Farm
15:36 Farm
15:37 Farm
15:39 Farm
17:06 Farm
17:07 Farm
24:45 Town Hall
24:47 Scout Tower
25:36 Farm
25:41 Farm
28:09 Arcane Sanctum
29:36 Arcane Tower
30:02 Arcane Vault
34:15 Scout Tower
34:17 Scout Tower
34:18 Scout Tower
34:19 Scout Tower
34:20 Scout Tower
34:24 Scout Tower
34:28 Scout Tower
34:48 Guard Tower
34:48 Guard Tower
34:51 Guard Tower
34:51 Guard Tower
34:51 Guard Tower
34:56 Guard Tower
34:56 Guard Tower
35:13 Guard Tower
35:57 Farm
39:41 Farm
39:42 Farm
39:42 Farm
39:43 Farm
39:44 Farm
39:47 Farm
» items
| Boots of Speed | 1 | |
| Scroll of Regeneration | 16 | |
| Lesser Clarity Potion | 8 | |
| Staff of Teleportation | 1 | |
| Potion of Healing | 8 | |
| Potion of Mana | 5 | |
| Scroll of Town Portal | 9 | |
| Mechanical Critter | 3 | |
51 total
FOREST-OF-ARCAD (
blue | 58 APM | 2728 actions | 46:57)
7 Blood Mage
3 Flame Strike
3 Siphon Mana
1 Summon Phoenix
» actions
| Assign group hotkey | 52 | |
| Basic commands | 72 | |
| Build / train | 103 | |
| Enter build submenu | 25 | |
| Enter hero's abilities submenu | 7 | |
| Give item / drop item | 1 | |
| Remove unit from queue | 1 | |
| Right click | 1124 | |
| Select / deselect | 332 | |
| Select group hotkey | 867 | |
| Use ability | 144 | |
2728 total
» units
| Peasant | 19 | |
| Footman | 7 | |
| Goblin Shredder | 2 | |
| Goblin Zeppelin | 1 | |
| Gryphon Rider | 6 | |
| Green Dragon Whelp | 1 | |
| Dragonhawk Rider | 2 | |
38 total
» upgrades
| Masonry | 3 | |
| Lumber Harvesting | 2 | |
| Animal War Training | 1 | |
| Swords | 3 | |
| Armor | 2 | |
| Storm Hammers | 1 | |
12 total
» buildings
| Altar of Kings | 1 | |
| Barracks | 1 | |
| Farm | 11 | |
| Scout Tower | 26 | |
| Arcane Tower | 2 | |
| Lumber Mill | 2 | |
| Arcane Vault | 1 | |
| Town Hall | 2 | |
| Keep | 1 | |
| Blacksmith | 1 | |
| Guard Tower | 10 | |
| Castle | 2 | |
| Gryphon Aviary | 4 | |
64 total
» build order
00:11 Altar of Kings
00:20 Barracks
00:36 Farm
00:51 Farm
01:32 Scout Tower
01:42 Farm
02:02 Arcane Tower
02:36 Lumber Mill
02:53 Arcane Vault
03:50 Town Hall
03:55 Scout Tower
04:13 Farm
05:46 Arcane Tower
06:57 Keep
07:42 Blacksmith
07:46 Scout Tower
07:47 Scout Tower
07:47 Scout Tower
07:48 Scout Tower
07:49 Scout Tower
07:50 Scout Tower
07:51 Scout Tower
08:05 Town Hall
08:21 Scout Tower
08:22 Scout Tower
08:22 Scout Tower
08:22 Scout Tower
08:23 Scout Tower
09:12 Guard Tower
09:15 Guard Tower
10:38 Guard Tower
10:45 Scout Tower
10:46 Scout Tower
10:47 Scout Tower
11:46 Scout Tower
11:47 Scout Tower
11:47 Scout Tower
11:48 Scout Tower
11:48 Scout Tower
11:50 Castle
12:06 Scout Tower
12:06 Scout Tower
12:07 Scout Tower
12:29 Guard Tower
12:38 Guard Tower
12:48 Guard Tower
12:49 Guard Tower
13:33 Gryphon Aviary
13:34 Gryphon Aviary
14:41 Gryphon Aviary
14:42 Gryphon Aviary
14:44 Farm
14:45 Farm
14:45 Farm
15:10 Scout Tower
15:40 Guard Tower
16:44 Farm
16:45 Farm
16:46 Farm
16:46 Farm
19:02 Lumber Mill
19:05 Guard Tower
» items
| Healing Salve | 1 | |
| Staff of Teleportation | 1 | |
| Scroll of Healing | 1 | |
| Potion of Lesser Invulnerability | 1 | |
| Potion of Invisibility | 1 | |
| Boots of Speed | 1 | |
| Potion of Mana | 4 | |
| Staff of Sanctuary | 1 | |
| Scroll of Town Portal | 5 | |
| Potion of Healing | 7 | |
| Scroll of Regeneration | 1 | |
24 total

»
ShiningStar (
green | 87 APM | 2850 actions | 32:51)
5 Blademaster
3 Wind Walk
2 Critical Strike
» actions
| Assign group hotkey | 8 | |
| Basic commands | 113 | |
| Build / train | 72 | |
| ESC pressed | 1 | |
| Enter build submenu | 18 | |
| Enter hero's abilities submenu | 6 | |
| Give item / drop item | 2 | |
| Right click | 1300 | |
| Select / deselect | 1011 | |
| Select group hotkey | 181 | |
| Use ability | 138 | |
2850 total
» units
| Peon | 11 | |
| Troll Witch Doctor | 6 | |
| Shaman | 6 | |
| Tauren | 4 | |
| Spirit Walker | 3 | |
30 total
» upgrades
| Shaman Training | 2 | |
| Witch Doctor Training | 2 | |
| Spirit Walker Training | 2 | |
| Reinforced Defenses | 1 | |
| Pulverize | 1 | |
| Melee Weapons | 1 | |
| Armor | 1 | |
10 total
» buildings
| Altar of Storms | 1 | |
| Orc Burrow | 5 | |
| War Mill | 2 | |
| Voodoo Lounge | 1 | |
| Stronghold | 1 | |
| Fortress | 1 | |
| Spirit Lodge | 3 | |
| Great Hall | 1 | |
| Tauren Totem | 2 | |
17 total
» build order
00:08 Altar of Storms
00:17 Orc Burrow
00:40 War Mill
01:02 Voodoo Lounge
02:52 Stronghold
03:10 Orc Burrow
05:19 Fortress
05:24 Spirit Lodge
05:27 Spirit Lodge
06:16 Orc Burrow
06:33 Spirit Lodge
07:17 Great Hall
08:08 War Mill
08:18 Tauren Totem
08:43 Tauren Totem
09:05 Orc Burrow
10:16 Orc Burrow
» items
| Healing Salve | 2 | |
| Lesser Clarity Potion | 8 | |
| Scroll of Speed | 1 | |
| Boots of Speed | 1 | |
| Staff of Teleportation | 1 | |
| Orb of Lightning | 1 | |
| Tiny Great Hall | 1 | |
| Potion of Healing | 1 | |
| Scroll of Town Portal | 2 | |
| Potion of Lesser Invulnerability | 1 | |
19 total
Chat log
(00:07 / All) FOREST-OF-ARCAD: WOOT NOT ON OUTSIDE
(00:08 / All) xoalxiyetl: sups gl hf
(01:07 / All) FOREST-OF-ARCAD: can't believe u dont like lord of the rings
(01:11 / All) FOREST-OF-ARCAD: aragorn is a damn fine actor
(01:14 / All) Teelolololololo: its boring as fuck
(01:18 / All) RedOfficer: ^
(01:20 / All) RedOfficer: I hate it too
(01:24 / All) ShiningStar: lord of my butt anyone wanna watch
(01:26 / All) RedOfficer: The setting is shit.
(01:28 / All) FOREST-OF-ARCAD: best movie ever
(01:37 / All) FOREST-OF-ARCAD: best lines ever
(01:38 / All) RedOfficer: Movies were alright but I hate the setting
(01:39 / All) AgentOrange: do you like Ran
(01:49 / All) xoalxiyetl: fuck yeah. epic
(01:54 / All) FOREST-OF-ARCAD: what is that
(01:55 / All) FOREST-OF-ARCAD: ran?
(01:56 / All) Teelolololololo: Movies have too much acting and storyline imo
(02:07 / All) AgentOrange: A movie
(02:12 / Allies) xoalxiyetl: a clasic movie from japan
(03:40 / All) FOREST-OF-ARCAD: wood plz
(03:52 / Allies) ShiningStar: gold plz
(04:41 / All) FOREST-OF-ARCAD: orange
(04:43 / All) FOREST-OF-ARCAD: do u play on west
(04:45 / All) Teelolololololo: what colour are you two?
(04:51 / All) FOREST-OF-ARCAD: blue and yel
(04:55 / All) Teelolololololo: kk
(05:01 / All) AgentOrange: now I wish I had got blood mage
(05:40 / All) FOREST-OF-ARCAD: yes
(05:50 / All) AgentOrange: Wow
(05:59 / All) AgentOrange: maphacking POS imo
(06:36 / All) FOREST-OF-ARCAD: bring peasants
(07:45 / All) AgentOrange: Green tell me why you would harass other side with level 1 BM
(07:49 / All) AgentOrange: and get so lucky like that
(07:57 / Allies) ShiningStar: lumber plz
(07:59 / All) AgentOrange: truly amazing
(08:15 / Allies) ShiningStar: lumer plz
(08:25 / Allies) ShiningStar: homy oghs blue
(08:26 / Allies) ShiningStar: wtf
(08:30 / Allies) ShiningStar: you already got a base
(08:31 / All) FOREST-OF-ARCAD: u raped my bookd of dead
(08:34 / All) FOREST-OF-ARCAD: ill feed u gold green
(08:35 / All) FOREST-OF-ARCAD: relax
(08:40 / Allies) ShiningStar: lumber plz
(08:47 / All) FOREST-OF-ARCAD: wood plz teal
(09:06 / All) FOREST-OF-ARCAD: get staff rod
(09:08 / Allies) ShiningStar: lume?
(09:12 / Allies) ShiningStar: lumber plz
(09:37 / Allies) ShiningStar: wow
(09:38 / Allies) ShiningStar: blue
(09:47 / All) FOREST-OF-ARCAD: wood plz
(09:49 / Allies) ShiningStar: two base and you dont give me anything
(10:29 / Allies) ShiningStar: lumber and godl pzl
(10:56 / Allies) ShiningStar: gold?
(11:00 / Allies) ShiningStar: lumber
(11:14 / Allies) ShiningStar: sigh blue 4000 gold
(11:47 / Allies) ShiningStar: im rdy to hit
(11:59 / Allies) ShiningStar: let go
(12:02 / Allies) ShiningStar: I got lust and healing
(12:11 / Allies) ShiningStar: where to
(12:22 / Allies) ShiningStar: come guys
(12:25 / Allies) ShiningStar: gold plz
(12:29 / Allies) RedOfficer: hit here
(12:32 / Allies) ShiningStar: gold plz bluw
(12:41 / Allies) ShiningStar: 4000 gold..
(12:42 / Allies) ShiningStar: 3 base..
(12:45 / Allies) ShiningStar: didnt let me have one
(12:52 / All) FOREST-OF-ARCAD: wood
(14:58 / All) FOREST-OF-ARCAD: stay
(14:59 / All) FOREST-OF-ARCAD: teal
(14:59 / All) FOREST-OF-ARCAD: wtf
(15:03 / All) FOREST-OF-ARCAD: finish it
(15:08 / Allies) ShiningStar: wow blue has 5000 gold
(15:10 / Allies) ShiningStar: I think he trolling..
(15:58 / Allies) ShiningStar: gold plz
(16:09 / Allies) RedOfficer: I'll give you 2k gold for 3k wood
(16:31 / All) AgentOrange: mhing pos
(17:07 / All) AgentOrange: guess I should ahve bought tp
(17:17 / All) AgentOrange: this guy is a mher
(18:22 / All) AgentOrange: oh no I'm gonna harass with level 1 bm all the way across the map at the perfect moment
(18:28 / All) AgentOrange: and then hit everything at perfect moment
(18:30 / All) AgentOrange: uh huh
(18:46 / All) AgentOrange: shining mher is only 4-5 too
(18:51 / All) AgentOrange: even with mh he sucks
(19:34 / Allies) ShiningStar: wow yellow and blue has
(19:36 / Allies) ShiningStar: 8000 gold
(19:44 / Allies) xoalxiyetl: give me gold plz
(19:54 / Allies) RedOfficer: I'll give you 2k for 3k wood
(20:02 / Allies) ShiningStar: you have 4k wood..
(20:06 / Allies) RedOfficer: I need moar.
(20:29 / All) AgentOrange: mher
(20:34 / All) RedOfficer: Who, green?
(20:38 / All) AgentOrange: Yes
(20:41 / All) RedOfficer: No shit
(20:53 / Allies) RedOfficer: tp
(21:33 / All) AgentOrange: how are you 4-5 with mh?
(21:37 / All) AgentOrange: or did you just get it?
(21:57 / All) FOREST-OF-ARCAD: ill tp at u rod
(22:36 / All) xoalxiyetl: WTF wow u guys serious.
(22:42 / All) xoalxiyetl: dam wow. thx dudes
(23:12 / All) FOREST-OF-ARCAD: green treid to tk me
(23:13 / All) FOREST-OF-ARCAD: lawl
(23:24 / All) FOREST-OF-ARCAD: comign rod
(24:37 / All) AgentOrange: even with mh he can't deny expos
(24:42 / All) xoalxiyetl: y the fuck are u targeting that mage when he clearly is being healed by priest and pally
(25:10 / All) xoalxiyetl: WOW just WoW WOW!!!!
(25:31 / All) ShiningStar: blue and yellow 10k gold whore expo
(25:44 / All) ShiningStar: they massing gryffs
(25:48 / All) ShiningStar: just go copters
(25:50 / All) FOREST-OF-ARCAD: we wont lose green
(25:50 / All) Teelolololololo: dont forget me, I have 3k gold too
(25:51 / All) FOREST-OF-ARCAD: lawl
(26:17 / All) xoalxiyetl: y the fuck. DO u have 10 k. dam fucken waste it or give it to green !!!
(26:23 / All) xoalxiyetl: for gods sake
(26:28 / All) ShiningStar: they even took my expo he said going to give me gold
(26:34 / All) ShiningStar: these guys are ttroll
(26:52 / Allies) xoalxiyetl: YEAP
(27:06 / All) xoalxiyetl: yeap mass gryphs to own those D riders
(27:15 / All) ShiningStar: just mass goperts
(27:31 / All) FOREST-OF-ARCAD: GONE
(27:34 / All) RedOfficer: Shut up. You are a maphacker you have no say
(27:36 / All) FOREST-OF-ARCAD: MY BASE
(27:38 / All) AgentOrange: you arleady got him?
(28:13 / All) ShiningStar: go to blue base
(28:15 / All) ShiningStar: hes at top
(28:20 / All) ShiningStar: camping in your base pink
(28:22 / All) ShiningStar: hit his base
(28:48 / Allies) xoalxiyetl: plz make sum tanks.
(28:58 / All) ShiningStar: blue is at top of your base pink
(28:59 / All) ShiningStar: hiding
(29:08 / All) WlCKERMAN: lol
(29:13 / All) WlCKERMAN: why leave?
(29:21 / All) ShiningStar: he lost his townhall
(29:27 / All) ShiningStar: yellow expand top ri ght
(29:49 / All) ShiningStar: wow
(29:53 / All) RedOfficer: was that worth the non-peon green?
(29:54 / All) xoalxiyetl: w
(29:56 / All) ShiningStar: I think they're together
(29:56 / All) RedOfficer: didn't even kill 1 worker
(29:59 / All) xoalxiyetl: wtf is that.
(30:01 / All) FOREST-OF-ARCAD: REALLY GREEN
(30:21 / All) ShiningStar: hmm no one attackng?
(30:23 / All) xoalxiyetl: fuck read the fucken guides . u dont kill ur own team mates fuck
(30:31 / All) ShiningStar: they're not my mates
(30:32 / All) FOREST-OF-ARCAD: lawl
(30:36 / All) ShiningStar: whoard goldmine and didnt give gold
(30:39 / All) RedOfficer: whoard
(30:42 / All) ShiningStar: blue took my expo says he was going to give gold
(30:51 / All) ShiningStar: look at him 10k gold
(30:52 / All) RedOfficer: "your expo"
(30:55 / All) ShiningStar: he gave me 100 gold
(30:57 / All) RedOfficer: It isn't yours until it's taken
(31:06 / All) FOREST-OF-ARCAD: tp?
(31:08 / All) AgentOrange: how is it yours and not teal/yellow?
(31:08 / All) ShiningStar: purple just mass copters you win
(31:11 / All) ShiningStar: they going air
(31:25 / All) ShiningStar: literally mass 100 copters
(31:56 / All) ShiningStar: aim his hero
(32:20 / All) ShiningStar: just mass 100 copters
(32:22 / All) ShiningStar: purple
(32:42 / All) AgentOrange: Haha green
(32:45 / All) AgentOrange: leave mher scum
(32:48 / All) ShiningStar: well im not wastingm y time with these trolls bye
(32:48 / All) xoalxiyetl: tank u blue yes attack his aa
(32:50 / All) RedOfficer: He lost it to an ally
(32:53 / All) RedOfficer: Dumbfuck maphacker.
(32:58 / All) AgentOrange: blue, yellow, red and I are working in collusion
(33:03 / All) RedOfficer: Can find everyone's units but can't find any awareness of backstabbers.
(33:13 / All) xoalxiyetl: ..... y the fuck did i do to u dumb yellow
(33:19 / 5) RedOfficer: When should we team jake?
(33:28 / Allies) xoalxiyetl: didnt do shit to u dumb fuck.
(33:38 / 5) RedOfficer: When this game, I mean
(33:49 / All) xoalxiyetl: here take money do sumthing dumb ass
(34:17 / All) xoalxiyetl: dont just fucken stand tere yellow go help blue or sumthing fuck
(34:20 / All) AgentOrange: how the fuck do you not win 95% of your games with mh
(35:05 / All) FOREST-OF-ARCAD: standoff?
(35:06 / All) WlCKERMAN: gg red noob
(35:07 / All) FOREST-OF-ARCAD: green teal?
(35:09 / All) Teelolololololo: yeah standoff
(35:10 / All) WlCKERMAN: red tk
(35:10 / All) FOREST-OF-ARCAD: purple
(35:13 / All) FOREST-OF-ARCAD: PURPLE
(35:15 / All) FOREST-OF-ARCAD: we're tking too man
(35:22 / All) Teelolololololo: purp still have 9 food in use
(35:23 / All) FOREST-OF-ARCAD: do u not realize wha thappened this game
(35:23 / All) WlCKERMAN: why?
(35:24 / All) FOREST-OF-ARCAD: purple
(35:28 / All) FOREST-OF-ARCAD: we 4 are friends
(35:32 / All) FOREST-OF-ARCAD: yellow pink red and me
(35:36 / All) WlCKERMAN: lol
(35:36 / All) Teelolololololo: purp has 5 food now
(35:37 / All) WlCKERMAN: o
(35:38 / All) FOREST-OF-ARCAD: we're gonna give u and teal equal chacne to win
(35:41 / All) FOREST-OF-ARCAD: do not leave
(35:43 / All) FOREST-OF-ARCAD: trust me
(35:48 / All) FOREST-OF-ARCAD: we're gonna kill all our units, and leave one building
(35:51 / All) FOREST-OF-ARCAD: then leave game
(35:51 / All) WlCKERMAN: red why didnt u say so
(35:55 / All) FOREST-OF-ARCAD: person with best internet connection wins
(35:56 / All) WlCKERMAN: red accuse me of tk
(36:01 / All) FOREST-OF-ARCAD: its u vs teal, purple
(36:04 / All) FOREST-OF-ARCAD: ok buddy?
(36:07 / All) WlCKERMAN: why u accuse red?
(36:12 / Allies) xoalxiyetl: need 100 wood blue
(36:13 / All) FOREST-OF-ARCAD: purple, forget that
(36:19 / All) WlCKERMAN: ok
(36:23 / All) Teelolololololo: I was lying
(36:24 / All) FOREST-OF-ARCAD: teal do u understand
(36:26 / All) FOREST-OF-ARCAD: as well?
(36:28 / All) WlCKERMAN: sigh
(36:30 / All) WlCKERMAN: dont lie
(36:33 / All) WlCKERMAN: Its bad
(36:55 / 5) RedOfficer: Hopefully he didn't notice "versus jake" oops
(36:56 / All) FOREST-OF-ARCAD: purple vs teal, person who stays online the longest wins
(37:24 / 5) RedOfficer: aww alright
(37:32 / All) WlCKERMAN: so u aint gona fight?
(37:35 / 5) RedOfficer: Highper.ch will record this in the replay anyway so hopefully he doesn't notice and catch on to it.
(37:37 / All) FOREST-OF-ARCAD: correct purple
(37:39 / All) FOREST-OF-ARCAD: like i said
(37:40 / All) WlCKERMAN: O
(37:42 / All) FOREST-OF-ARCAD: we're gonna kill all our units
(37:43 / All) WlCKERMAN: then im out
(37:44 / All) FOREST-OF-ARCAD: and leave the game
(37:45 / All) Teelolololololo: you can win purp
(37:46 / All) FOREST-OF-ARCAD: no
(37:50 / All) Teelolololololo: you just have to be AFK the longest
(37:53 / All) WlCKERMAN: na
(37:54 / 5) RedOfficer: No Jacob, we are not scheming anything.
(37:54 / All) FOREST-OF-ARCAD: purple u'll have equal chance to win vs teal
(37:55 / All) WlCKERMAN: im out
(37:58 / 5) RedOfficer: I am.
(38:00 / All) WlCKERMAN: gg
(38:03 / All) FOREST-OF-ARCAD: lawl
(38:17 / All) AgentOrange: welp
(38:20 / All) RedOfficer: Aww no standoff.
(38:25 / All) AgentOrange: their side to lose since teal is still tehre
(38:26 / All) FOREST-OF-ARCAD: me and rod kill our shit
(38:46 / All) Teelolololololo: bring your stuff just west of pinks eastern expansio
(38:51 / All) Teelolololololo: i want to shackle it all :P
(39:11 / All) Teelolololololo: no use making all these hawks if i dont get to shackle a damn thing all game
(39:20 / All) FOREST-OF-ARCAD: where ua t
(39:21 / All) Teelolololololo: come back!
(39:24 / All) Teelolololololo: behind you
(39:43 / All) AgentOrange: green is so stupid he would be better if he got air
(39:45 / All) AgentOrange: if he has mh
(39:49 / All) Teelolololololo: lol yeah
(39:50 / All) AgentOrange: then he could harass a lot better
(39:51 / All) xoalxiyetl: awsomeness!!!! fuck now i dont feel like jacking off. for the love of god.
(39:53 / All) Teelolololololo: his BM sure was annoying me
(39:58 / All) FOREST-OF-ARCAD: i assumed YOU guys wanted the glory of greens bm's death, i didtn kill it intentionally
(40:02 / All) AgentOrange: yeah dude he fucked up my fast expand
(40:13 / All) Teelolololololo: LOLOL HELPLESSNESS
(40:16 / All) AgentOrange: like yeah that's totally innocent I'm sure
(40:17 / All) RedOfficer: Which team gets the loss?
(40:24 / All) AgentOrange: right place at right time, level 1 bm all the way across the map
(40:31 / All) AgentOrange: opposite of his site
(40:33 / All) Teelolololololo: kk im 0 food now
(40:37 / All) FOREST-OF-ARCAD: we coudl screw around im gonna play mass effect after this
(40:46 / All) AgentOrange: f that
(41:30 / All) AgentOrange: 4 dragons now
(41:58 / All) AgentOrange: OH
(42:01 / All) AgentOrange: I didn't notice teal left
(42:09 / All) AgentOrange: green deserves a loss
(42:15 / All) FOREST-OF-ARCAD: yeshe does
(42:25 / All) FOREST-OF-ARCAD: i never hire dragons these maps
(42:31 / All) AgentOrange: I always try to
(42:33 / All) RedOfficer: 4-6 now. Awful maphacker.
(42:34 / All) AgentOrange: uusally try to
(42:41 / All) Teelolololololo: I try to while doing my seige drop early game
(42:44 / All) FOREST-OF-ARCAD: i dont think he maphacked
(42:49 / All) Teelolololololo: i try to make the drop happen right as the dragons come up
(42:53 / All) AgentOrange: you said he was right side
(42:59 / All) AgentOrange: so I didn't worry about him at all
(42:59 / All) RedOfficer: I did that siege drop once on ladder after I saw it in your highlight video
(43:06 / All) RedOfficer: Most people never have seen that before and are confused
(43:08 / All) RedOfficer: It's really good
(43:15 / All) Teelolololololo: its actually pretty terrible most of the time
(43:16 / All) FOREST-OF-ARCAD: what siege drop
(43:20 / All) Teelolololololo: because everyone has air
(43:21 / All) Teelolololololo: lol
(43:25 / All) Teelolololololo: and air > necromancers
(43:27 / All) RedOfficer: If you do it midgame it rapes
(43:33 / All) RedOfficer: before air
(43:49 / All) Teelolololololo: yeah but people can get air up at the same time zeps become available
(43:56 / All) RedOfficer: If they tech fast enough, I guess
(44:27 / All) AgentOrange: Rod and Jacob Campbell leave. Then me, Rod and Teelo play another game
(44:34 / All) AgentOrange: and Jacob Campbell watches his soaps or mike and molly
(44:37 / All) Teelolololololo: k
(44:41 / All) FOREST-OF-ARCAD: we have had bad games today
(44:42 / All) FOREST-OF-ARCAD: i swear
(44:49 / All) FOREST-OF-ARCAD: well not bad
(44:52 / All) FOREST-OF-ARCAD: but unmemorable
(44:54 / All) Teelolololololo: hey stop killing my shit
(45:10 / All) FOREST-OF-ARCAD: bloodmage battle rod
(45:32 / 6) AgentOrange: I'll swoop in with dragons
(45:34 / 6) AgentOrange: where is the battle
(45:39 / 5) RedOfficer: my base
(45:49 / 6) AgentOrange: battling yet?
(45:57 / 5) RedOfficer: yes
(46:18 / 5) RedOfficer: already used staff
(46:19 / All) FOREST-OF-ARCAD: not me ur grace
(46:47 / All) Teelolololololo: so do we have to finish off every last building?
(46:49 / All) AgentOrange: OH MY GOD
(46:52 / All) AgentOrange: oh
(46:53 / All) RedOfficer: Got him!
(46:53 / All) FOREST-OF-ARCAD: we're leaving good bye
(46:57 / All) AgentOrange: that was funny
(46:58 / All) RedOfficer: He staffed to my BM lol